 Dungeon Crawl Stone Soup version 0.32-a0-893-gf85d74f360 (webtiles) character file.

Game seed: 7699487317198801625

5126 Ullmark the Fighter (level 10, -9/86 HPs)
             Began as a Djinni Fire Elementalist on Mar 29, 2024.
             Mangled by a yak (11 damage)
             ... on level 7 of the Dungeon on Apr 3, 2024.
             The game lasted 00:19:52 (12894 turns).

Ullmark the Fighter (Djinni Fire Elementalist)     Turns: 12894, Time: 00:19:53

Health: -9/86      AC:  5    Str:  9    XL:     10   Next: 88%
Gold:   354        EV: 11    Int: 21    God:
                   SH:  0    Dex: 16

rFire   + + .        p - +9 mace "Heogaoru" {heavy, rElec rCorr Str+2 Dex-4}
rCold   x . .        (no shield)
rNeg    + . .        a - +1 robe
rPois   ∞            q - +2 hat
rElec   +            (no cloak)
rCorr   +            (no gloves)
SInv    .            (boots unavailable)
Will    ++...        (no amulet)
Stlth   ++           G - +6 ring of dexterity
HPRegen 0.34/turn    s - ring of Boreim {rN+ Will+}
MPRegen 0.00/turn

%: infuse magic (-10 HP)
@: swift, flying, quick
A: sickness immunity, fire resistance 2, cold vulnerability 1, float, innate
caster, HP casting, extra vitality 1
a: no special abilities


You were on level 7 of the Dungeon.
You visited 1 branch of the dungeon, and saw 8 of its levels.
You also visited: Ossuary.

You collected 354 gold pieces.

Inventory:

Hand Weapons
 d - a +3 scimitar
 j - a +3 whip of electrocution
 p - the +9 mace "Heogaoru" (weapon) {heavy, rElec rCorr Str+2 Dex-4}
   (You found it on level 4 of the Dungeon)

   Str+2:     It affects your strength (+2).
   Dex-4:     It affects your dexterity (-4).
   rElec:     It insulates you from electricity.
   rCorr:     It protects you from acid and corrosion.
 z - a +3 trident of freezing
Armour
 a - a +1 robe (worn)
 q - a +2 hat (worn)
 C - quicksilver dragon scales
 H - an orb of mayhem
Jewellery
 s - the ring of Boreim (right hand) {rN+ Will+}
   (You found it on level 7 of the Dungeon)

   [ring of willpower]

   rN+:       It protects you from negative energy.
   Will+:     It increases your willpower.
 t - a ring of fire
 v - a +5 ring of evasion
 G - a +6 ring of dexterity (left hand)
Wands
 m - a wand of flame (17)
 y - a wand of acid (7)
Scrolls
 b - 2 scrolls of amnesia
 g - 5 scrolls of identify
 h - 2 scrolls of teleportation
 l - a scroll of fear
 r - 2 scrolls of poison
 u - a scroll of enchant weapon
 x - a scroll of immolation
 A - a scroll of fog
Potions
 c - 3 potions of enlightenment
 e - 5 potions of mutation
 f - 2 potions of heal wounds
 i - 2 potions of invisibility
 k - 2 potions of magic
 n - 2 potions of might {unknown}
 w - 6 potions of curing
 B - 4 potions of brilliance {unknown}
 D - a potion of ambrosia {unknown}
 E - a potion of cancellation {unknown}
 F - 2 potions of attraction {unknown}
 I - 2 potions of haste {unknown}
Miscellaneous
 o - a box of beasts


   Skills:
 * Level 13.3 Fighting
 - Level 1.0 Maces & Flails
 - Level 2.2 Dodging
 - Level 1.6 Stealth
 + Level 6.4 Spellcasting
 + Level 6.4 Conjurations
 + Level 6.4 Hexes
 + Level 6.4 Summonings
 + Level 6.4 Necromancy
 + Level 6.4 Translocations
 + Level 6.4 Fire Magic
 + Level 6.4 Ice Magic
 + Level 6.4 Air Magic
 + Level 6.4 Earth Magic
 + Level 6.4 Alchemy


You knew the following spells:

 Your Spells              Type           Power      Damage    Failure   Level
a - Foxfire               Conj/Fire      100%       2x1d9     1%          1
b - Scorch                Fire           68%        2d7       1%          2
c - Volatile Blastmotes   Fire/Tloc      68%        2d15      1%          3
d - Inner Flame           Hex/Fire       34%        N/A       1%          3
e - Flame Wave            Conj/Fire      34%        2d10      6%          4
f - Sandblast             Erth           68%        2d15      1%          1
g - Static Discharge      Conj/Air       68%        3-6/arc   1%          2
h - Swiftness             Air            34%        N/A       1%          3
i - Call Canine Familiar  Summ           34%        N/A       1%          3
Your spell library was empty.

Dungeon Overview and Level Annotations

Branches:
Dungeon (8/15)             Temple (0/1) D:5            Lair (0/5) D:8
Ossuary (visited)

Altars:
Elyvilon
Gozag
Hepliaklqana
Nemelex Xobeh
Okawaru
Zin

Shops:
D:2 *   D:8 (

Annotations:
D:5 1 runed translucent door, Crazy Yiuf


Innate Abilities, Weirdness & Mutations

You are immune to sickness and miasma.
You are immune to poison.
Your flesh is very heat resistant. (rF++)
You are vulnerable to cold. (rC-)
You float through the air rather than walking.
You learn spells naturally, not from books.
Your magical power is your life essence.
You have superior vitality. (+4 MHP)


Message History

The flame wave engulfs the yak!
The yak is heavily wounded.
You finish channelling waves of flame.
The yak closely misses you. The yak gores you but does no damage.
Unknown command.
The yak gores you but does no damage.
Sorry, you're not good enough to have a special ability.
Unknown command.
Sorry, you're not good enough to have a special ability.
Casting: Flame Wave (dangerous; 6% risk of failure)
Confirm with . or Enter, or press ? or * to list all spells.
You feel quick. The yak gores you! The yak attacks as it pursues you!
The yak closely misses you. The yak attacks as it pursues you!
The yak gores you! The yak attacks as it pursues you!
The yak closely misses you.
There is a stone staircase leading up here.
The yak gores you.
* * * LOW HITPOINT WARNING * * *
You fly upwards.
There is a stone staircase leading down here.
Casting: Swiftness (safe; 1% risk of failure)
Confirm with . or Enter, or press ? or * to list all spells.
Flames lash the yak.
The yak is lightly wounded.
The yak's fire resistance burns away.
* * * LOW HITPOINT WARNING * * *
The yak gores you!
* * * LOW HITPOINT WARNING * * *
Casting: Scorch (safe; 1% risk of failure)
Confirm with . or Enter, or press ? or * to list all spells.
Flames lash the yak.
The yak is burned terribly!
The yak is moderately wounded.
* * * LOW HITPOINT WARNING * * *
The yak gores you!
* * * LOW HITPOINT WARNING * * *
The yak attacks as it pursues you! The yak misses you.
The yak attacks as it pursues you! The yak misses you.
The yak attacks as it pursues you! The yak gores you!
You die...

....##......##..##......##...##..
....###....[.##..#.#...###...##..
.##.# #..#.[.#.....##.#####..##..
....# #.##÷:......##>...###..#...
....######.<......#....###......#
.....#......................##...
###...##....#....#.....###..#....
###...###.###...###...#.#.......
##.....##....#.Y@..............#.
###.#..##......###.......(....##.
#####..##..#..###.......(....####
..# #...#.##...##.............# #
..# #.......>.##.............## #
..####...#....##..#.....#.....# #
...##.........##........##...##
..###...##..#....#.......#....#
.#.#...##........#.......##.#####


You could see a yak (combustible).

Vanquished Creatures
  A two-headed ogre (D:8)
  6 mutant beasts (D:7)
  Jeremiah (D:6)
  Grinder (D:5)
  3 yaks (D:8)
  5 black bears
  An ice beast (D:7)
  2 sky beasts (D:7)
  An ogre (D:5)
  2 kobold brigands
  An elf zombie (Ossuary)
  A phantom (D:6)
  A weeping skull (Ossuary)
  A bullfrog (D:8)
  3 scorpions
  9 wights
  A burial acolyte (Ossuary)
  4 killer bees (D:8)
  A howler monkey (D:6)
  2 bombardier beetles (D:4)
  3 jellies
  2 orc priests
  An iguana (D:7)
  3 orc wizards
  A hell rat (D:8)
  4 mummies (Ossuary)
  4 adders
  A shadow imp (D:7)
  A white imp (D:7)
  A ribbon worm zombie (D:6)
  2 ufetubi (D:7)
  2 dart slugs
  A ribbon worm (D:2)
  14 orcs
  4 bats
  7 endoplasms
  7 giant cockroaches
  3 goblins
  4 hobgoblins
  4 quokkas
  11 ball pythons
  4 frilled lizards
  A gnoll zombie (Ossuary)
  A goblin zombie (D:6)
  11 kobolds
  3 kobold zombies (Ossuary)
  4 orc zombies
  4 rats
155 creatures vanquished.

Vanquished Creatures (collateral kills)
  Pikel (D:8)
1 creature vanquished.

Vanquished Creatures (others)
  523 foxfires
523 creatures vanquished.

Grand Total: 679 creatures vanquished

Notes
Turn   | Place    | Note
-------+----------+-------------------------------------------
     0 | D:1      | Ullmark the Djinni Fire Elementalist began the quest for
                  | the Orb.
     0 | D:1      | Ullmark set off with the following spells memorised:
                  | Foxfire, Scorch, Volatile Blastmotes, Inner Flame, Flame
                  | Wave.
     0 | D:1      | Reached XP level 1. HP: 15/15 MP: 0/0
   567 | D:1      | Found a faded altar of an unknown god.
   571 | D:1      | Reached XP level 2. HP: 20/21 MP: 0/0
   591 | D:1      | Reached skill level 1 in Fighting
   979 | D:1      | Reached skill level 2 in Fighting
   979 | D:1      | Reached XP level 3. HP: 26/28 MP: 0/0
   979 | D:1      | Learned a level 1 spell: Sandblast
  1295 | D:2      | Found Urron's Assorted Antiques.
  1412 | D:2      | Found a hazy altar of Hepliaklqana.
  2047 | D:3      | Noticed a black bear
  2061 | D:3      | Killed a black bear
  2062 | D:3      | Reached skill level 4 in Fighting
  2062 | D:3      | Reached XP level 4. HP: 6/37 MP: 0/0
  2062 | D:3      | Reached XP level 5. HP: 6/41 MP: 0/0
  2062 | D:3      | Learned a level 2 spell: Static Discharge
  2987 | D:3      | Found an opulent altar of Gozag.
  2991 | D:3      | Found a glowing silver altar of Zin.
  2991 | D:3      | Found an iron altar of Okawaru.
  3040 | D:3      | Reached XP level 6. HP: 45/48 MP: 0/0
  3266 | D:4      | Reached skill level 5 in Fighting
  3320 | D:4      | Identified the +9 mace "Heogaoru" {heavy, rElec rCorr Str+2
                  | Dex-4}
  4057 | D:4      | Found a sparkling altar of Nemelex Xobeh.
  4182 | D:4      | Found a white marble altar of Elyvilon.
  4818 | D:5      | Entered Level 5 of the Dungeon
  4867 | D:5      | Found a staircase to the Ecumenical Temple.
  4874 | D:5      | Noticed Grinder
  4881 | D:5      | Noticed an ogre
  4916 | D:5      | Killed Grinder
  4917 | D:5      | Reached skill level 6 in Fighting
  4917 | D:5      | Reached XP level 7. HP: 49/57 MP: 0/0
  4917 | D:5      | Learned a level 3 spell: Swiftness
  5094 | D:5      | Reached skill level 7 in Fighting
  5124 | D:5      | Reached XP level 8. HP: 58/64 MP: 0/0
  5841 | D:5      | Found a runed translucent door.
  5842 | D:5      | Noticed Crazy Yiuf
  6122 | D:6      | Identified the +0 robe of Cilioh {rC+ Slay+2}
  6194 | D:6      | Reached skill level 8 in Fighting
  6539 | D:6      | Found a sand-covered staircase.
  6554 | Ossuary  | Entered an ossuary
  6846 | Ossuary  | Reached skill level 9 in Fighting
  7325 | Ossuary  | Reached XP level 9. HP: 56/72 MP: 0/0
  7325 | Ossuary  | Learned a level 3 spell: Call Canine Familiar
  7612 | D:6      | Reached skill level 5 in Spellcasting
  7612 | D:6      | Reached skill level 5 in Conjurations
  7612 | D:6      | Reached skill level 5 in Hexes
  7612 | D:6      | Reached skill level 5 in Summonings
  7612 | D:6      | Reached skill level 5 in Necromancy
  7612 | D:6      | Reached skill level 5 in Translocations
  7612 | D:6      | Reached skill level 5 in Fire Magic
  7612 | D:6      | Reached skill level 5 in Ice Magic
  7612 | D:6      | Reached skill level 5 in Air Magic
  7612 | D:6      | Reached skill level 5 in Earth Magic
  7612 | D:6      | Reached skill level 5 in Alchemy
  7650 | D:6      | Noticed Jeremiah
  7677 | D:6      | Killed Jeremiah
  7678 | D:6      | Reached skill level 10 in Fighting
  7678 | D:6      | Reached skill level 1 in Maces & Flails
  8572 | D:7      | Noticed a juvenile stingox beast
  8586 | D:7      | Killed a juvenile stingox beast
  9040 | D:7      | Reached skill level 11 in Fighting
  9165 | D:6      | Upgraded the game from 0.32-a0-871-ge202e49faa to
                  | 0.32-a0-893-gf85d74f360
 10038 | D:7      | Reached XP level 10. HP: 79/83 MP: 0/0
 10593 | D:7      | Identified the ring of Boreim {rN+ Will+}
 10615 | D:7      | Found a hazy altar of Hepliaklqana.
 10776 | D:8      | Noticed a two-headed ogre
 10823 | D:8      | Found Pusisch's Weapon Emporium.
 10836 | D:8      | Reached skill level 12 in Fighting
 10911 | D:8      | Killed a two-headed ogre
 12446 | D:8      | Found a staircase to the Lair.
 12506 | D:8      | Noticed Pikel
 12514 | D:8      | Killed Pikel
 12515 | D:8      | Reached skill level 13 in Fighting
 12889 | D:7      | HP: 1/86 [yak (14)]
 12894 | D:7      | Mangled by a yak

Illustrated notes

Levels and vault maps discovered:
D:1:      elethiomel_arrival_shortcut, layout_rooms,
          ebering_ecumenical_altar_rust, hangedman_abyss_or_decor_lesser_grid
D:2:      layout_basic, basic_altar, serial_shops, shop
D:3:      layout_rooms, chequers_temple_overflow_statue_of_worship,
          nicolae_elevator_lobby_plus
D:4:      layout_basic, elyvilon_altar_5, lemuel_mausoleum_altar_yredelemnul,
          mainiacjoe_overflow_paths, grunt_ministairs_10
D:5:      layout_rooms, minmay_temple_entry_proselytizer, minivault_27,
          uniq_crazy_yiuf_cottage, uniq_grinder
D:6:      layout_loops_corners, enter_ossuary_3, uniq_jeremiah
D:7:      layout_cave_pools, mainiacjoe_overflow_surrounded_room,
          nicolae_beast_mode
D:8:      layout_rooms, mainiacjoe_overflow_brackets, dpeg_lair_monsters,
          serial_shops, nicolae_shop_bloodbath_and_beyond, enter_bailey_8,
          patterned_corridor, uniq_pikel

Skill      XL: |  1  2  3  4  5  6  7  8  9 10 |
---------------+-------------------------------+-----
Fighting       | 2 4 6 7 9 11 13 | 13.3
Spellcasting   | 4 5 6 |  6.4
Conjurations   | 4 5 6 |  6.4
Hexes          | 4 5 6 |  6.4
Summonings     | 4 5 6 |  6.4
Necromancy     | 4 5 6 |  6.4
Translocations | 4 5 6 |  6.4
Fire Magic     | 4 5 6 |  6.4
Ice Magic      | 4 5 6 |  6.4
Air Magic      | 4 5 6 |  6.4
Earth Magic    | 4 5 6 |  6.4
Alchemy        | 4 5 6 |  6.4
Maces & Flails | 1 |  1.0
Dodging        | |  2.2
Stealth        | |  1.6

Action                     |  1- 3 |  4- 6 |  7- 9 | 10-12 || total
---------------------------+-------+-------+-------+-------++-------
  Melee: Unarmed           |     4 |       |       |       ||     4
         Whip              |       |       |     3 |       ||     3
   Cast: Foxfire           |    65 |   105 |    84 |    64 ||   318
         Scorch            |     5 |     7 |    96 |    34 ||   142
         Sandblast         |     2 |       |     1 |       ||     3
         Flame Wave        |       |       |     2 |     4 ||     6
         Call Canine Famil |       |       |     2 |     2 ||     4
         Swiftness         |       |       |       |     2 ||     2
    Use: Scroll            |       |       |    15 |       ||    15
 Armour: Robe              |    10 |     3 |    34 |    35 ||    82
  Dodge: Dodged            |    14 |     7 |    37 |    17 ||    75

Table legend: (Time is in decaauts)
 A = Elapsed time spent in this place.
 B = Non-inter-level travel time spent in this place.
 C = Inter-level travel time spent in this place.
 D = Time resting spent in this place.
 E = Time spent auto-exploring this place.
 F = Levels seen in this place.
 G = Mean time per level.
                   A        B        C        D        E       F      G
               +--------+--------+--------+--------+--------+-----+--------+
         Total |  12889 |  12634 |    255 |   6954 |   4000 |   9 | 1432.1 |
       Dungeon |  11967 |  11712 |    255 |   6236 |   4000 |   8 | 1495.9 |
       Ossuary |    921 |    921 |      0 |    718 |      0 |   1 |  921.0 |
               +--------+--------+--------+--------+--------+-----+--------+

Top non-repeatable levels by time:
     D:6: 2318 daAuts
     D:7: 2120 daAuts
     D:4: 1558 daAuts
     D:8: 1551 daAuts
     D:3: 1250 daAuts
     D:5: 1159 daAuts
     D:1: 1134 daAuts
 Ossuary: 921 daAuts
     D:2: 874 daAuts
